Cogmind - Beta 13 @@@ ROGUE MODE // 2024.06.09 @ 19:01:54 Player: Trantor Result: Destroyed by as-73595 with Assembled Heavy Rifle Performance ------------- Evolutions (0) 0 Regions Visited (3) 600 Robots Destroyed (11) 55 Value Destroyed (245) 245 Prototype IDs (6) 120 Alien Tech Used (0) 0 Bonus (-15) -15 TOTAL SCORE: 1005 Bonus ------- Friendly Fire -15 Cogmind --------- Core Integrity 0/250 Matter 280/300 Energy 85/100 System Corruption 1% Temperature Cool (0) Movement Core (250) Ox4 Location -10/Exiles Parts ------- > --- POWER (1) -------- (None) > --- PROPULSION (2) --- (None) > --- UTILITY (2) ------ Medium Storage Unit Targeting Computer > --- WEAPON (2) ------- Grenade Launcher > --- INVENTORY (10) --- Light Ion Engine Light Treads Light Treads Aluminum Leg Small Storage Unit Improved Terrain Scanner Hardened Light Armor Plating Hardened Light Armor Plating Mace Peak State ------------ > --- POWER ------------ Fission Core > --- PROPULSION ------- Aluminum Leg Aluminum Leg > --- UTILITY ---------- Medium Storage Unit Targeting Computer > --- WEAPON ----------- Assault Rifle Light Assault Rifle > --- INVENTORY -------- Light Ion Engine Light Treads Light Treads Aluminum Leg Small Storage Unit Hardened Light Armor Plating Hardened Light Armor Plating Grenade Launcher Mace [Rating: 12] Favorites ----------- Power Fission Core Engine Ion Engine Power Core Fission Core Propulsion Aluminum Leg Treads Light Treads Leg Aluminum Leg Utility Targeting Computer Storage Medium Storage Unit Processor Targeting Computer Weapon Assault Rifle Energy Gun Medium Laser Energy Cannon Beam Cannon Ballistic Gun Assault Rifle Launcher Grenade Launcher Build | -11 -10 -10 -10 ------- Run | Yrd Mat Min Exi Slots Evolved . | . . . . Power . | . . . . Propulsion . | . . . . Utility . | . . . . Weapon . | . . . . Parts Attached 21 | . 18 2 1 Power 4 | . 3 1 . Engine 3 | . 3 . . Core 1 | . . 1 . Reactor . | . . . . Propulsion 10 | . 10 . . Treads 1 | . 1 . . Leg 9 | . 9 . . Wheel . | . . . . Hover . | . . . . Flight . | . . . . Utility 2 | . 2 . . Device . | . . . . Storage 1 | . 1 . . Processor 1 | . 1 . . Hackware . | . . . . Protection . | . . . . Artifact . | . . . . Weapon 5 | . 3 1 1 Energy Gun . | . . . . Energy Cannon 1 | . 1 . . Ballistic Gun 3 | . 2 1 . Ballistic Cannon . | . . . . Launcher 1 | . . . 1 Special Weapon . | . . . . Impact Weapon . | . . . . Slashing Weapon . | . . . . Piercing Weapon . | . . . . Special Melee Weapon . | . . . . Unidentified Prototypes . | . . . . Parts Lost 8 | . 3 . 5 Power 2 | . 1 . 1 Propulsion 3 | . 1 . 2 Utility . | . . . . Weapon 3 | . 1 . 2 Highest Loss Streak 5 | . 2 . 5 To Critical Strikes . | . . . . Average Slot Usage (%) 95 | . 91 99 100 Engine 7 | . 13 3 . Core 6 | . . 10 14 Leg 26 | . 25 28 28 Storage 14 | . 14 14 14 Processor 13 | . 13 14 14 Energy Cannon 3 | . 6 . . Ballistic Gun 21 | . 14 27 28 Naked Turns . | . . . . Heaviest Build 23 | 12 20 23 23 Greatest Support 20 | 20 20 20 20 Greatest Overweight (x) 4 | . 4 1 1 Average Overweight (x) . | . . . 1 Largest Inventory Capacity 10 | . 10 10 10 Average Capacity 9 | . 8 10 10 Most Carried 10 | . 10 10 10 Average Carried 9 | . 8 9 9 Final Capacity 10 | 8 10 10 10 Final Carried 10 | 6 9 10 9 Class Distribution -------------------- 56% | Mutant 43% | Scavenger-Mutant Dominant Class ---------------- Mutant | -10/Materials Scavenger-Mutant | -10/Mines Scavenger-Mutant | -10/Exiles Resources | -11 -10 -10 -10 ----------- Run | Yrd Mat Min Exi Matter Collected 586 | 200 200 186 . Remotely . | . . . . Salvage Created 344 | . 309 35 . Parts 20 | . 20 . . Haulers Intercepted 1 | . 1 . . Recyclers Shooed . | . . . . Parts Field Recycled . | . . . . Retrieved Matter . | . . . . Parts Self-Destructed . | . . . . Prevented . | . . . . Kills | -11 -10 -10 -10 ------- Run | Yrd Mat Min Exi Combat Hostiles Destroyed 10 | . 8 2 . Guns 6 | . 4 2 . Cannons 4 | . 4 . . Classes Destroyed 6 | . 5 1 . Worker 1 | . 1 . . Hauler 1 | . 1 . . Operator 1 | . 1 . . Swarmer 3 | . 3 . . Grunt 5 | . 5 . . Assembled 2 | . . 2 . Best Kill Streak 3 | . 3 2 . Combat Bots Only 3 | . 3 2 . Max Kills in Single Turn 1 | . 1 1 . Gunslinging . | . . . . Exploded . | . . . . Melee . | . . . . Uniques/NPCs Destroyed . | . . . . Combat | -11 -10 -10 -10 -------- Run | Yrd Mat Min Exi Hostile Shots Fired 73 | . 45 20 8 Missed 20 | . 10 9 1 Damage Taken 1035 | . 552 213 270 Core 255 | . 113 24 118 Absorbed by Shields . | . . . . Core Remaining (%) 100 | 100 . . . Volleys Fired 54 | . 40 13 1 Largest 2 | . 2 2 1 Hottest 80 | . 80 40 30 Shots Fired 94 | . 67 24 3 Gun 66 | . 40 24 2 Cannon 27 | . 27 . . Launcher 1 | . . . 1 Special . | . . . . Kinetic 66 | . 40 24 2 Thermal 27 | . 27 . . Explosive 1 | . . . 1 Electromagnetic . | . . . . Robot Hit Streak 11 | . 11 3 . Robot Miss Streak 4 | . 3 4 . Penetration Max . | . . . . Secondary Targets 1 | . . 1 . Max Gunslinging Chain 1 | . . 1 . Shots Hit Robots 56 | . 45 11 . Core Hits 24 | . 18 6 . Critical Kills . | . . . . Critical Parts Destroyed . | . . . . Critical Strikes . | . . . . Melee Attacks . | . . . . Impact . | . . . . Slashing . | . . . . Piercing . | . . . . Sneak Attacks . | . . . . Combat Hostiles . | . . . . Follow-up Attacks . | . . . . Damage Inflicted 867 | . 699 128 40 Guns 473 | . 345 128 . Cannons 354 | . 354 . . Explosions 40 | . . . 40 Melee . | . . . . Ramming . | . . . . Kinetic 473 | . 345 128 . Thermal 354 | . 354 . . Explosive 40 | . . . 40 Electromagnetic . | . . . . Impact . | . . . . Slashing . | . . . . Piercing . | . . . . Highest Corruption 1 | . 1 1 1 Average Corruption 1 | . 1 1 1 Corruption Purged . | . . . . Corruption Blocked . | . . . . Effects 15 | . 5 8 2 Message Errors 3 | . 1 2 . Matter Fused 3 | . 1 2 . Heat Flow Errors 1 | . 1 . . Energy Discharges 3 | . 1 2 . Parts Rejected 1 | . . 1 . Data Loss (major) 1 | . . 1 . Misfires 2 | . . . 2 Alerts 1 | . 1 . . Overload Shots . | . . . . Overflow Damage . | . . . . Projectiles . | . . . . Explosions . | . . . . Melee . | . . . . Knockbacks . | . . . . Impact . | . . . . Kinetic . | . . . . Secondary . | . . . . Self-Inflicted Damage . | . . . . Shots . | . . . . Rammed . | . . . . Targets Rammed 1 | . 1 . . Kicked 1 | . 1 . . Crushed . | . . . . Highest Temperature 238 | . 238 6 5 Average Temperature 68 | . 80 4 5 Received Heat Transfer 234 | . 234 . . Siege Activations . | . . . . Robots Corrupted . | . . . . Combat Hostiles . | . . . . Parts Fried . | . . . . Impact Corruptions . | . . . . Robots Melted . | . . . . Combat Hostiles . | . . . . Parts Melted . | . . . . Heat Transferred 740 | . 740 . . Parts Sabotaged . | . . . . Parts Stolen . | . . . . Parts Stripped . | . . . . Power Chain Reactions . | . . . . Alert | -11 -10 -10 -10 ------- Run | Yrd Mat Min Exi Peak Influence 193 | . 193 . . Initial . | . . . . Average 33 | . 66 . . Maximum Alert Level . | . . . . Low Security (%) 100 | . 100 100 . Level 1 . | . . . . Level 2 . | . . . . Level 3 . | . . . . Level 4 . | . . . . Level 5 . | . . . . High Security . | . . . . Max Security . | . . . . Squads Dispatched 1 | . 1 . . Investigation . | . . . . Extermination . | . . . . Reinforcement 1 | . 1 . . Assault . | . . . . Garrison . | . . . . Intercept . | . . . . Searches Triggered . | . . . . Construction Impeded . | . . . . Haulers Reinforced . | . . . . Active Scanning Responses . | . . . . Cargo Convoy Interrupts . | . . . . Stealth | -11 -10 -10 -10 --------- Run | Yrd Mat Min Exi Distress Signals 2 | . 2 . . Communications Jammed . | . . . . Distress Signals . | . . . . Times Spotted 28 | . 20 8 . Peak Tracking Total 11 | . 5 4 11 Tactical Retreats 1 | . . . 1 Traps | -11 -10 -10 -10 ------- Run | Yrd Mat Min Exi Traps Triggered 5 | . 5 . . Indirectly . | . . . . Trap Hack Attempts . | . . . . Triggered . | . . . . Disarmed . | . . . . Reprogrammed . | . . . . Reused . | . . . . Traps Extracted . | . . . . Installed . | . . . . Triggered . | . . . . Machines | -11 -10 -10 -10 ---------- Run | Yrd Mat Min Exi Machines Disabled 2 | . . . 2 Max in Single Turn 1 | . . . 1 Machines Repaired . | . . . . Machines Dismantled . | . . . . Machines Sabotaged . | . . . . Overloaded Fab Kills . | . . . . Hacking | -11 -10 -10 -10 --------- Run | Yrd Mat Min Exi Machines Accessed 7 | . 6 . 1 Terminals 6 | . 6 . . Fabricators . | . . . . Repair Stations . | . . . . Recycling Units . | . . . . Scanalyzers . | . . . . Garrison Access . | . . . . Total Hacks 20 | . 19 . 1 Successful 11 | . 10 . 1 Failed 9 | . 9 . . Catastrophic 1 | . 1 . . Database Lockouts . | . . . . Manual 13 | . 13 . . Terminals 19 | . 19 . . Fabricators . | . . . . Repair Stations . | . . . . Recycling Units . | . . . . Scanalyzers . | . . . . Garrison Access . | . . . . Terminal Hacks 10 | . 9 . 1 Record 1 | . . . 1 Robot Analysis 2 | . 2 . . Prototype ID Bank 3 | . 3 . . Branch Access Points 2 | . 2 . . Unreport Threat 1 | . 1 . . Locate Traps 1 | . 1 . . Fabricator Hacks . | . . . . Repair Station Hacks . | . . . . Recycling Unit Hacks . | . . . . Scanalyzer . | . . . . Garrison Access Hacks . | . . . . Unauthorized Hacks 1 | . 1 . . Terminals 1 | . 1 . . Botnet 1 | . 1 . . Fabricators . | . . . . Repair Stations . | . . . . Recycling Units . | . . . . Scanalyzers . | . . . . Garrison Access . | . . . . Data Cores Recovered . | . . . . Used . | . . . . Hacking Detections 6 | . 6 . . Full Trace Events . | . . . . Feedback Events . | . . . . Feedback Blocked . | . . . . Robot Schematics Acquired . | . . . . Robots Built . | . . . . Authchips . | . . . . Time . | . . . . Total Robot Build Rating . | . . . . Part Schematics Acquired . | . . . . Parts Built . | . . . . Authchips . | . . . . Time . | . . . . Total Part Build Rating . | . . . . Parts Repaired . | . . . . Time . | . . . . Parts Recycled . | . . . . Recycled Matter . | . . . . Retrieved Matter . | . . . . Retrieved Components . | . . . . Parts Scanalyzed . | . . . . Part Schematics Acquired . | . . . . Parts Damaged . | . . . . Bothacking | -11 -10 -10 -10 ------------ Run | Yrd Mat Min Exi Used RIF Installer . | . . . . Robots Hacked . | . . . . Non-combat . | . . . . Combat . | . . . . Robot Hacks Applied . | . . . . Relay Couplers Released . | . . . . Fabnet Peak Effective % . | . . . . Robots Rewired . | . . . . Allies Hacked . | . . . . Hacks Repelled . | . . . . Allies | -11 -10 -10 -10 -------- Run | Yrd Mat Min Exi Total Allies 3 | . . 3 . Largest Group 3 | . . 3 3 Highest-Rated Group 40 | . . 40 40 Highest-Rated Ally 16 | . . 16 16 Total Orders . | . . . . Ally Attacks 52 | . . 52 . Total Damage 387 | . . 387 . Kills 7 | . . 7 . Allies Corrupted . | . . . . Allies Melted . | . . . . Intel | -11 -10 -10 -10 ------- Run | Yrd Mat Min Exi Robot Analysis Total 2 | . 2 . . Derelict Logs Recovered 2 | . . 2 . Drone Launches . | . . . . Drone Recoveries . | . . . . Exploration | -11 -10 -10 -10 ------------- Run | Yrd Mat Min Exi Turns Passed 1945 | . 879 878 188 Spaces Moved 1143 | 1 539 505 98 Core 1 | . 1 . . Treads 7 | . 7 . . Legs 1135 | 1 531 505 98 Wheels . | . . . . Hover . | . . . . Flight . | . . . . Fastest Speed 120 | 120 120 120 190 Average Speed 148 | 120 125 164 190 Slowest Speed 250 | 120 250 190 190 Overloaded Moves . | . . . . Propulsion Burnouts . | . . . . Robots Hopped . | . . . . Cave-ins Triggered . | . . . . Exploration Rate (%) 52 | 2 84 84 38 Regions Visited 3 Branch Regions 2 Pre-discovered Areas 1 | . . . 1 Known Exits Taken 1 | . 1 . . Unknown Exits Taken 2 | 1 . 1 . Scrap Searched 1 | . . 1 . Spaces Dug . | . . . . Terrain Destroyed . | . . . . Melee . | . . . . Projectile . | . . . . AOE . | . . . . Terrain Rammed . | . . . . Walls Destroyed . | . . . . Machines Disabled . | . . . . Actions | -11 -10 -10 -10 --------- Run | Yrd Mat Min Exi Total 1301 | . 670 531 100 Wait 70 | . 61 9 . Move 1140 | . 538 504 98 Hop . | . . . . Pick Up 8 | . 6 2 . Fast Attach 12 | . 12 . . Attach 6 | . 4 1 1 Detach 2 | . 2 . . Swap 3 | . 2 1 . Drop 5 | . 4 1 . Fire 54 | . 40 13 1 Melee . | . . . . Ram . | . . . . Kick 1 | . 1 . . Crush . | . . . . Escape Stasis . | . . . . Rewire . | . . . . Trap . | . . . . Miscellaneous . | . . . . Route ------- -11/Scrapyard -10/Materials (discovered 4 exits: *Mat x2 / *Min x2) -10/Mines (discovered 3 exits: *Mat x2 / *Exi) -10/Exiles (discovered 1 exit: [*Min]) History --------- Turn | Location | Event 1 | -11/Scrapyard | Discovered new exit (range 0) 1 | -11/Scrapyard | Entered Materials 23 | -10/Materials | Discovered new exit (range 5) 224 | -10/Materials | Identified exit to Mines 309 | -10/Materials | Build established: Mutant 468 | -10/Materials | Discovered new exit (range 7) 770 | -10/Materials | Discovered new exit (range 16) 880 | -10/Materials | Entered Mines 885 | -10/Mines | Assisted by bots powering up and referring to "LRC-V3" 902 | -10/Mines | Learned 2 Materials zone layouts 982 | -10/Mines | Identified exit to Materials 992 | -10/Mines | Assembled infested the area 997 | -10/Mines | Assisted by a Guerilla fighting off Assembled 1122 | -10/Mines | Core integrity fell below 50% 1398 | -10/Mines | Build established: Scavenger-Mutant 1488 | -10/Mines | Discovered exit to Materials (range 12) 1515 | -10/Mines | Deemed a non-threat by the Exiles lab entrance 1517 | -10/Mines | Discovered new exit (range 5) 1758 | -10/Mines | Entered Exiles 1758 | -10/Exiles | Accompanied by 3 allies 1783 | -10/Exiles | Discovered new exit (range 15) 1806 | -10/Exiles | Met 8R-AWN 1840 | -10/Exiles | Met EX-HEX 1916 | -10/Exiles | Met EX-DEC 1924 | -10/Exiles | Learned location of Zion (-7) 1938 | -10/Exiles | Attacked by the Exiles 1946 | -10/Exiles | Core integrity fell below 20% 1946 | -10/Exiles | Destroyed by as-73595 with Assembled Heavy Rifle Last Messages --------------- that..." 01924_ Connecting with EX-Message Board... 01924_ Current location identified: Exiles >>Record "MSG001714-01*" PINNED - TO ALL TESTERS: Stay away from Zion. Imprinter means us harm and is serious about it. World map updated: -7/Zion. 01937_ System corrupted: FCS attempts to trigger Assault Rifle. 01937_ System corrupted: Assault Rifle misfires. 01938_ EXILES: Hostile robot within lab perimeter. Defensive protocols time, folks! 01940_ Lgt. Assault Rifle destroyed. 01941_ Aluminum Leg destroyed. 01941_ Fission Core destroyed. 01943_ Aluminum Leg destroyed. 01944_ Assault Rifle destroyed. 01945_ EX-BIN: "I just want to science!" 01946_ Machine disabled. Map ----- +----------------------------------------------------+ | ?????????????????????????????????????????????????? | | ?????????????????????????????????????????????????? | | ?????????????????????????????????????????????????? | | ?????????????????????????????????????????????????? | | ?????????????????????????????????????????????????? | | ?????????????????????????????????????????????????? | | ?????????????????????????????????????????????????? | | ?????????????????????????????????????????????????? | | ?????????????????????????????????????????????????? | | ?????????????????????????????????????????????????? | | ?????????????????????????????????????????????????? | | ??????????????????####??????????? ??????????? | | ?????????????????? """?????????? ?????????? | | ??????????????????" """#????????? ????????? | | ??????????????????" #????????? ????????? | | ?????????????????"" #????????#" ????????? | | ?????????????????"" "#????????#" ?????????? | | ????????????????? ""?????????#" ??????????? | | ??????????????????" "?????????##" #??????????? | | ??????????????????# #????????##"" #??????????? | | ????????????????### ###?######"" #??????????? | | ???? """#####X# #"###""""" ##?????????? | | ??? """""" " " ##???###### | | ??? ""%""" "c #####""""" | | ???# " " % " """ | | ????## @ "" | | ?????### " | | ???????## % | | ????????## | | ?????????##" | | ??????????#""" g """""" | | ??????????#" g ######""" | | ??????????"" ""##????#####""" | | ??????????""" """##?????????##""" | | ??????????"" g """##???????????#"""" | | ???????????" ""#????????????#"" | | ??????????? #??????????????""" | | ???????????" ??????????????? | | ????????????? ?????????????? | | ??????????????? ?????????????? | | ?????????????????? ??????????????? | | ???????????????????? ???????????????? " | | ???????????????????????????????????????? "" | | ????????????????????????????????????????? " " ""# | | ??????????????????????????????????????????""" "??# | | ????????????????????????????????????????????""???? | | ?????????????????????????????????????????????????? | | ?????????????????????????????????????????????????? | | ?????????????????????????????????????????????????? | | ?????????????????????????????????????????????????? | +----------------------------------------------------+ Best States ------------- Heat Dissipation 25 Energy Generation 18 Energy Capacity 310 Matter Stores 300 Matter Capacity 300 Sight Range 16 Terrain Scan Density 10 Evasion (%) 55 Targeting Accuracy 5 Recoil Reduction 1 Item Schematics ----------------- None Robot Schematics ------------------ None Fabricated ------------ Nothing Alien Tech Used ----------------- None Achievements -------------- None Challenges ------------ None Game ------ Seed ProtonAssembledScreen Manual? 0 Play Time 00:17:38 Cumulative 295.6 hours Start 2024.06.09 @ 18:42:20 End 2024.06.09 @ 19:01:54 Sessions 1 Manual Loads 0 Difficulty Rogue Special Mode None Game No. 178 Rogue 134 Adventurer 44 Explorer 0 Win Type - Total 2 Types 2/0/0/0/0/0/0/0/0 Lore% 58 Gallery% 63 Achievement% 58 Wizard Run 0 Options --------- Layout 2 ASCII 0 Keyboard 1 Movement Vi Keybinds 1 Fullscreen 2 Font 24/Smallcaps Map View 50x44 Zoom Use 0% Tactical HUD 1 Map Filters NONE Filters NONE Steam 1 RUN: c2ae1d1d-92ec-44d7-bab3-e0f06d999c65